 Dungeon Crawl Stone Soup version 0.26-a0-835-g8259106e14 (webtiles) character file.

Game seed: 4598349180434047840

189 strifetoe the Cudgeller (level 5, -1/29 HPs)
             Began as a Gargoyle Artificer on Nov 18, 2020.
             Slain by a big kobold
             ... wielding the +7 whip "Goanen" {venom, rElec rPois MR+}
              (7 damage)
             ... on level 3 of the Dungeon.
             The game lasted 00:04:47 (4614 turns).

strifetoe the Cudgeller (Gargoyle Artificer)        Turns: 4614, Time: 00:04:48

Health: -1/29      AC: 13    Str: 17    XL:     5   Next: 68%
Magic:  5/5        EV:  7    Int: 11    God:
Gold:   186        SH:  0    Dex: 10    Spells: 4/4 levels left

rFire    . . .     SeeInvis .   u - +0 morningstar
rCold    . . .     Faith    .   (no shield)
rNeg     + . .     Spirit   .   i - +0 chain mail
rPois    ∞         Reflect  .   (no helmet)
rElec    +         Harm     .   (no cloak)
rCorr    .         Rampage  .   w - +0 pair of gloves
MR       .....                  (no boots)
Stlth    ..........             (no amulet)
HPRegen  0.09/turn              (no ring)
MPRegen  0.09/turn              (no ring)

@: flying
A: negative energy resistance 1, electricity resistance, unbreathing,
petrification resistance, rot immunity, AC +4
a: no special abilities


You were on level 3 of the Dungeon.
You visited 1 branch of the dungeon, and saw 3 of its levels.

You collected 186 gold pieces.

Inventory:

Hand Weapons
 a - a +0 club
 k - a +0 mace
 u - a +0 morningstar (weapon)
Armour
 b - a +0 leather armour
 i - a +0 chain mail (worn)
 w - a +0 pair of gloves (worn)
Wands
 c - a wand of flame (15)
 d - a wand of enslavement (4)
 e - a wand of random effects (15)
Scrolls
 f - 5 scrolls of identify {unknown}
 g - 3 scrolls of teleportation {unknown}
 p - 3 scrolls of amnesia {unknown}
 q - a scroll of enchant armour {unknown}
 v - 2 scrolls of enchant weapon {unknown}
Potions
 h - a potion of flight
 j - 2 potions of invisibility {unknown}
 l - a potion of haste {unknown}
 m - a potion of attraction {unknown}
 n - 2 potions of resistance {unknown}
 o - a potion of degeneration {unknown}
 r - a potion of cancellation {unknown}
 s - a potion of mutation {unknown}
 t - 2 potions of curing {unknown}


   Skills:
 - Level 1.1 Fighting
 + Level 5.2 Maces & Flails
 - Level 2.1 Armour
 - Level 0.7 Dodging
 - Level 1.1 Stealth
 - Level 2.6 Evocations


You had 4 spell levels left.
You didn't know any spells.
Your spell library contained the following spells:

 Spells                   Type           Power        Failure   Level
 Magic Dart               Conj           #...         99%         1
 Blink                    Tloc           N/A          100%        2
 Call Imp                 Summ           #.......     100%        2
 Slow                     Hex            #.......     100%        2
 Conjure Flame            Conj/Fire      #.......     100%        3
 Mephitic Cloud           Conj/Pois/Air  #.......     100%        3


Dungeon Overview and Level Annotations

Branches:
Dungeon (3/15)

Altars:
Fedhas

Annotations:
D:3 marklar909's ghost, amateur DrTm


Innate Abilities, Weirdness & Mutations

You are resistant to torment.
Your stone body is resilient. (AC +4)
You are immune to poison.
You resist negative energy. (rN+)
You are resistant to electric shocks. (rElec)
You can survive without breathing.
You are immune to petrification.
You are immune to rotting.


Message History

The big kobold resists with almost no effort.
The big kobold hits you but does no damage.
Evoke which item? (* to show all) (? for menu, Esc to quit)
Aiming: Enslavement
Press: ? - help, Shift-Dir - straight line, f/p - big kobold
Aim: a big kobold, wielding the +7 whip "Goanen" {venom, rElec rPois MR+} (chance to defeat MR: 21%)
The big kobold resists with almost no effort.
The big kobold hits you with the +7 whip "Goanen" {venom, rElec rPois MR+}.
Evoke which item? (* to show all) (? for menu, Esc to quit)
Aiming: Enslavement
Press: ? - help, Shift-Dir - straight line, f/p - big kobold
Aim: a big kobold, wielding the +7 whip "Goanen" {venom, rElec rPois MR+} (chance to defeat MR: 21%)
The big kobold resists with almost no effort.
The big kobold hits you with the +7 whip "Goanen" {venom, rElec rPois MR+}!
* * * LOW HITPOINT WARNING * * *
It was a potion of flight.
You feel very buoyant.
You fly up into the air.
The big kobold hits you with the +7 whip "Goanen" {venom, rElec rPois MR+}!
You die...

#######.#............#####.####
##.(!##.#######.#.##.......####
##..$..### #.#.##.#######...
#.#...#.# #.#.##.# ##...##
#⌠.#.#.⌠###### #.#.##.####..###[
#.#...#.#....# #........#..##..)
###...W.#####.# ###.###.##.##....
#.##'''##...WK#####.#...#..#....#
#...........KKKK@...#.###)##...##
##.#..#......K#######..##.#...##.
#...[..###...# ####..#.###..
######.#####.# #..#.....#
#.......# #.....#### #########
#.##### # #.###.# # #.....####
#####.##..


You could see a big kobold, marklar909's ghost and 5 kobolds.

Vanquished Creatures
  3 gnolls
  5 adders
  An ooze (D:2)
  2 dart slugs (D:1)
  2 leopard geckos
  8 orcs (D:3)
  14 bats
  2 giant cockroaches
  4 goblins
  10 hobgoblins
  11 jackals
  15 kobolds
  2 quokkas (D:3)
  3 frilled lizards
  9 rats
91 creatures vanquished.

Notes
Turn   | Place    | Note
-------+----------+-------------------------------------------
     0 | D:1      | strifetoe the Gargoyle Artificer began the quest for the
                  | Orb.
     0 | D:1      | Reached XP level 1. HP: 12/12 MP: 1/1
   146 | D:1      | Reached skill level 1 in Maces & Flails
   344 | D:1      | Reached XP level 2. HP: 12/16 MP: 2/2
   699 | D:1      | Reached skill level 2 in Maces & Flails
  1150 | D:1      | Reached XP level 3. HP: 2/20 MP: 3/3
  2148 | D:1      | Reached skill level 3 in Maces & Flails
  2480 | D:1      | Reached XP level 4. HP: 14/25 MP: 4/4
  2765 | D:2      | Found a blossoming altar of Fedhas.
  2805 | D:2      | Reached skill level 4 in Maces & Flails
  3137 | D:2      | Reached XP level 5. HP: 27/29 MP: 5/5
  3854 | D:3      | Reached skill level 5 in Maces & Flails
  4377 | D:3      | Found a runed translucent gate.
  4377 | D:3      | Noticed marklar909's ghost (amateur DrTm)
  4387 | D:3      | Identified the +7 whip "Goanen" {venom, rElec rPois MR+}
  4387 | D:3      | Noticed a big kobold
  4393 | D:3      | Found a runed translucent gate.
  4395 | D:3      | Found a runed translucent gate.
  4614 | D:3      | Slain by a big kobold

Illustrated notes

Levels and vault maps discovered:
D:1:      saegor_arrival_under_anarchy, layout_basic, chequers_arboretum
D:2:      layout_rooms, serial_curves, eino_curves_01, eino_curves_03,
          eino_curves_03, eino_curves_02, fedhas_altar_4
D:3:      minmay_evil_eye, layout_loops_cross, gammafunk_ghost_nasty_kobolds

Skill      XL: |  1  2  3  4  5 |
---------------+----------------+-----
Maces & Flails | 1 2 3 4 5 |  5.2
Fighting       | |  1.1
Armour         | |  2.1
Dodging        | |  0.7
Stealth        | |  1.1
Evocations     | |  2.6

Action                   |  1- 3 |  4- 6 || total
-------------------------+-------+-------++-------
Melee: Club              |   187 |       ||   187
       Mace              |    22 |   153 ||   175
       Morningstar       |       |    72 ||    72
Evoke: Wand              |       |    11 ||    11
  Use: Potion            |       |     1 ||     1
 Stab: Sleeping          |     1 |       ||     1
Armor: Leather armour    |    73 |       ||    73
       Chain mail        |    71 |   199 ||   270
Dodge: Dodged            |   151 |    93 ||   244

Table legend: (Time is in decaauts)
 A = Elapsed time spent in this place.
 B = Non-inter-level travel time spent in this place.
 C = Inter-level travel time spent in this place.
 D = Time resting spent in this place.
 E = Time spent auto-exploring this place.
 F = Levels seen in this place.
 G = Mean time per level.
                   A        B        C        D        E       F      G
               +--------+--------+--------+--------+--------+-----+--------+
         Total |   4703 |   4624 |     79 |   1542 |   2246 |   3 | 1567.7 |
       Dungeon |   4703 |   4624 |     79 |   1542 |   2246 |   3 | 1567.7 |
               +--------+--------+--------+--------+--------+-----+--------+

Top non-repeatable levels by time:
     D:1: 2589 daAuts
     D:3: 1101 daAuts
     D:2: 1012 daAuts
